 Dungeon Crawl Stone Soup version 0.25-a0-578-gc91f01c39c (webtiles) character file.

Game seed: 1987850670056278111, levelgen mode: deterministic

1566 Kohma the Changer (level 8, -3/64 (66) HPs)
             Began as a Yellow Draconian Transmuter on Mar 6, 2020.
             Was a Follower of Makhleb.
             Killed from afar by Maggie (11 damage)
             ... with a bolt of fire
             ... on level 6 of the Dungeon.
             The game lasted 00:14:25 (6464 turns).

Kohma the Changer (Yellow Draconian Transmuter)     Turns: 6464, Time: 00:14:25

HP:   -3/64 (66)    AC:  2    Str: 12    XL:     8   Next: 59%
MP:   10/12         EV: 21    Int: 16    God:    Makhleb [*.....]
Gold: 233           SH:  0    Dex: 17    Spells: 3/13 levels left

rFire    . . .     SeeInvis .     - Unarmed
rCold    . . .     Gourm    .   (shield currently unavailable)
rNeg     . . .     Faith    .   (armour unavailable)
rPois    x         Spirit   .   (helmet currently unavailable)
rElec    .         Reflect  .   (cloak currently unavailable)
rCorr    .         Harm     .   (gloves currently unavailable)
MR       .....                  (boots currently unavailable)
Stlth    ++........             (no amulet)
HPRegen  0.20/turn              (no ring)
MPRegen  0.13/turn              (no ring)

@: spider-form, mesmerised
A: tiny, (spit acid), unfitting armour, AC +6
a: End Transformation, Renounce Religion


You were on level 6 of the Dungeon.
You worshipped Makhleb.
Makhleb was aware of your devotion.
You were hungry.
You were a venomous arachnid creature.
You visited 2 branches of the dungeon, and saw 7 of its levels.

You collected 233 gold pieces.

Inventory:

Missiles
 a - 44 arrows
 j - a throwing net (quivered)
Armour
 k - a +0 cloak (melded)
Jewellery
 d - an uncursed amulet of the acrobat {unknown}
 t - an uncursed ring of poison resistance {unknown}
 y - a +3 ring of evasion {unknown}
 A - a cursed -5 ring of intelligence {unknown}
 I - a +2 ring of protection {unknown}
Wands
 h - a wand of flame (43)
 w - a wand of digging (4)
 B - a wand of scattershot (3)
 C - a wand of paralysis (4)
Scrolls
 e - 2 scrolls of teleportation {unknown}
 g - 7 scrolls of identify {unknown}
 l - a scroll of immolation {unknown}
 m - 2 scrolls of enchant weapon {unknown}
 p - 2 scrolls of noise {unknown}
 r - 4 scrolls of magic mapping {unknown}
 s - a scroll of random uselessness {unknown}
 x - 3 scrolls of blinking {unknown}
 D - 2 scrolls of amnesia {unknown}
Potions
 b - 2 potions of mutation {unknown}
 f - 3 potions of curing
 i - a potion of magic {unknown}
 n - a potion of brilliance {unknown}
 o - a potion of cancellation {unknown}
 q - 2 potions of degeneration {unknown}
 u - a potion of berserk rage {unknown}
 v - a potion of haste {unknown}
 z - a potion of might {unknown}
 E - a potion of invisibility {unknown}
 F - a potion of lignification {unknown}
 G - a potion of ambrosia {unknown}
Comestibles
 c - 8 rations
 H - 2 chunks of flesh


   Skills:
 + Level 3.8 Fighting
 + Level 3.4 Dodging
 * Level 6.4 Unarmed Combat
 - Level 3.0 Spellcasting
 + Level 6.9 Transmutations
 + Level 2.1 Ice Magic
 - Level 2.0 Poison Magic


You had 3 spell levels left.
You knew the following spells:

 Your Spells              Type           Power        Failure   Level  Hunger
a - Beastly Appendage     Tmut           ###...       5%          1    #......
b - Sticks to Snakes      Tmut           ###.....     7%          2    ##.....
c - Spider Form           Tmut/Pois      ###.......   22%         3    ###....
d - Ice Form              Ice/Tmut       ###.....     50%         4    #####..

Your spell library contained the following spells:

 Spells                   Type           Power        Failure   Level  Hunger
 Blade Hands              Tmut           ###.......   52%         5    ######.


Dungeon Overview and Level Annotations

Branches:
Dungeon (6/15)             Temple (1/1) D:4

Altars:
Ashenzari
Cheibriados
Dithmenos
Elyvilon
Fedhas
Gozag
Hepliaklqana
Kikubaaqudgha
Makhleb
Okawaru
Qazlal
Ru
Sif Muna
Trog
Uskayaw
Vehumet
Wu Jian
Xom
Yredelemnul
Zin
The Shining One

Annotations:
D:6 Maggie


Innate Abilities, Weirdness & Mutations

((You can spit globs of acid.))
((Your golden yellow scales are hard. (AC +6)))
You cannot fit into any form of body armour.
((You are cold-blooded and may be slowed by cold attacks.))
((You are resistant to acid. (rCorr)))


Message History

Maggie closely misses you.
You hit Maggie.
Maggie looks as sick as possible!
Maggie is severely wounded.
Maggie points at you and mumbles some strange words.
The bolt of fire hits you!
You barely miss Maggie.
Maggie is severely wounded.
You hit Maggie.
Maggie looks as sick as possible!
Maggie is severely wounded.
Maggie hits you with a +0 halberd!
You bite Maggie!
Maggie looks as sick as possible!
Maggie is almost dead.
Maggie casts a spell at you. The bolt of fire hits you!
* * * LOW HITPOINT WARNING * * *
You hit Maggie but do no damage.
Maggie looks as sick as possible!
Maggie is almost dead.
Maggie points at you and mumbles some strange words.
The bolt of fire hits you!
You die...

#### .....
######## .....
##....... ......
##..####..
......# ##..##
##. ......@##
###.### ##
.......s####..##
.........##..##
#..........###
#.........##
##.......##
....^...##
###....## #...#
...#


You could see Maggie.

Vanquished Creatures
  Eustachio (D:4)
  Menkaure (D:4)
  Edmund (D:4)
  2 sky beasts (D:5)
  A necrophage (D:4)
  A water moccasin zombie (D:5)
  A howler monkey (D:4)
  A crimson imp (D:5)
  A centaur zombie (D:4)
  A jelly (D:5)
  Crazy Yiuf (D:2)
  A bullfrog skeleton (D:5)
  A hound (D:4)
  3 orc priests
  Jessica (D:3)
  An orc wizard (D:4)
  7 worker ants
  Robin (D:4)
  7 gnolls (D:3)
  3 howler monkey skeletons
  6 adders
  A shadow imp (D:5)
  3 oozes
  An adder skeleton (D:5)
  4 worms
  2 dart slugs (D:2)
  4 leopard geckos
  21 orcs
  10 bats
  5 giant cockroaches
  16 goblins
  12 hobgoblins
  2 jackals (D:1)
  2 quokkas
  2 ball pythons (D:1)
  A ball python skeleton (D:4)
  6 frilled lizards
  3 kobolds (D:1)
  A quokka zombie (D:5)
  10 rats
149 creatures vanquished.

Notes
Turn   | Place    | Note
-------+----------+-------------------------------------------
     0 | D:1      | Kohma the Draconian Transmuter began the quest for the Orb.
     0 | D:1      | Reached XP level 1. HP: 16/16 MP: 3/3
   296 | D:1      | Reached XP level 2. HP: 23/23 MP: 5/5
   313 | D:1      | Learned a level 2 spell: Sticks to Snakes
   645 | D:1      | Reached XP level 3. HP: 24/28 MP: 4/6
  1253 | D:2      | Found a runed translucent door.
  1254 | D:2      | Noticed Crazy Yiuf
  1261 | D:2      | Learned a level 3 spell: Spider Form
  1268 | D:2      | Killed Crazy Yiuf
  1268 | D:2      | Reached XP level 4. HP: 35/35 MP: 3/8
  1718 | D:2      | Found a glowing golden altar of the Shining One.
  1822 | D:2      | Found a snail-covered altar of Cheibriados.
  1899 | D:3      | Noticed Jessica
  1912 | D:3      | Killed Jessica
  1912 | D:3      | Reached XP level 5. HP: 26/40 MP: 6/9
  2007 | D:3      | Learned a level 4 spell: Ice Form
  2313 | D:3      | Reached skill level 1 in Poison Magic
  2601 | D:3      | Reached skill level 1 in Ice Magic
  2607 | D:3      | Reached skill level 5 in Transmutations
  2691 | D:3      | Found a glowing golden altar of the Shining One.
  2694 | D:3      | Found an ornate altar of the Wu Jian Council.
  2694 | D:3      | Found an opulent altar of Gozag.
  2696 | D:3      | Reached XP level 6. HP: 46/47 MP: 6/10
  2701 | D:3      | HP: 2/47 [orc priest/divine providence (12)]
  3140 | D:3      | Found a shimmering altar of Xom.
  3140 | D:3      | Found an ancient bone altar of Kikubaaqudgha.
  3140 | D:3      | Found a glowing golden altar of the Shining One.
  3455 | D:4      | Noticed Eustachio
  3476 | D:4      | Killed Eustachio
  3476 | D:4      | Your scales start taking on a golden yellow colour.
  3476 | D:4      | Reached XP level 7. HP: 38/52 MP: 6/11
  3476 | D:4      | Gained mutation: You are resistant to acid. (rCorr) [Yellow
                  | Draconian growth]
  3680 | D:4      | Found a staircase to the Ecumenical Temple.
  3715 | Temple   | Entered the Ecumenical Temple
  3883 | Temple   | Became a worshipper of Makhleb the Destroyer
  3995 | D:4      | Noticed Robin
  4022 | D:4      | Killed Robin
  4282 | D:4      | Noticed Menkaure
  4322 | D:4      | Killed Menkaure
  4570 | D:4      | Reached skill level 5 in Unarmed Combat
  4608 | D:4      | Noticed Edmund
  4624 | D:4      | Killed Edmund
  4624 | D:4      | Reached XP level 8. HP: 18/60 MP: 9/12
  5225 | D:4      | Found a sacrificial altar of Ru.
  5226 | D:4      | Found a hazy altar of Hepliaklqana.
  5268 | D:5      | Entered Level 5 of the Dungeon
  5379 | D:5      | Found a shimmering altar of Xom.
  5571 | D:5      | Reached * piety under Makhleb
  6443 | D:6      | Noticed Maggie
  6464 | D:6      | Killed from afar by Maggie

Levels and vault maps discovered:
D:1:      doesnt_arrival_eight_statues, layout_basic
D:2:      layout_loops_ring, kennysheep_slug_shrine,
          nicolae_tso_swordbearing_angel, uniq_crazy_yiuf_cottage
D:3:      layout_rooms, doesnt_xom_only_xom, uniq_jessica
D:4:      layout_loops_ring, minitemple, temple_fountains, wad_orctagon,
          uniq_menkaure, uniq_robin, uniq_eustachio, uniq_edmund
D:5:      layout_basic, overflow_temple_1_default, first_ration
D:6:      layout_cave_pods, uniq_maggie
Temple:   eino_temple_rhombus

Skill      XL: |  1  2  3  4  5  6  7  8 |
---------------+-------------------------+-----
Transmutations | 3 4 5 6 |  6.9
Spellcasting   | 3 |  3.0
Poison Magic   | 1 2 |  2.0
Ice Magic      | 1 2 |  2.1
Unarmed Combat | 5 6 |  6.4
Dodging        | 2 3 |  3.4
Fighting       | 2 3 |  3.8

Action                   |  1- 3 |  4- 6 |  7- 9 || total
-------------------------+-------+-------+-------++-------
Melee: Unarmed           |    92 |   219 |   237 ||   548
       Tailslap          |     8 |    10 |     6 ||    24
       Headbutt          |     4 |       |       ||     4
       Kick              |     7 |     1 |       ||     8
       Punch             |       |       |     1 ||     1
 Cast: Beastly Appendage |    12 |     1 |       ||    13
       Spider Form       |     1 |    18 |    17 ||    36
       Ice Form          |       |       |     1 ||     1
  Use: Potion            |       |     1 |       ||     1
 Stab: Sleeping          |       |     1 |     1 ||     2
  Eat: Chunk             |     1 |    10 |    11 ||    22
Armor: Skin              |    28 |    34 |    30 ||    92
Dodge: Dodged            |    71 |   175 |   139 ||   385

Table legend:
 A = Non-vault XP
 B = Vault XP
 C = Vault XP percentage of total XP
 D = Non-vault monster count
 E = Vault monster count
 F = Vault count percentage of total count
                 A         B        C        D         E       F
            +---------+---------+-------+---------+---------+-------
      Total |    1563 |     675 |  30.2 |     126 |      23 |  15.4
            +---------+---------+-------+---------+---------+-------
        D:1 |      46 |       0 |   0.0 |      24 |       0 |   0.0
        D:2 |      75 |      45 |  37.5 |      20 |       2 |   9.1
        D:3 |     225 |      37 |  14.1 |      36 |       1 |   2.7
        D:4 |     560 |     593 |  51.4 |      26 |      20 |  43.5
        D:5 |     652 |       0 |   0.0 |      18 |       0 |   0.0
        D:6 |       5 |       0 |   0.0 |       2 |       0 |   0.0
            +---------+---------+-------+---------+---------+-------
